 Dungeon Crawl Stone Soup version 0.31-a0-702-gf82c85558f (webtiles) character file.

Game seed: 10221429883340318092

30856 qw the Marksgargoyle (level 13, -1/84 HPs)
             Began as a Gargoyle Hunter on Sept 7, 2023.
             Was a High Priest of Okawaru.
             Slain by a seven-headed hydra (11 damage)
             ... on level 5 of the Lair of Beasts.
             The game lasted 00:06:27 (13362 turns).

qw the Marksgargoyle (Gargoyle Hunter)             Turns: 13362, Time: 00:06:27

Health: -1/84      AC: 25    Str: 18    XL:     13   Next: 54%
Magic:  20/20      EV: 17    Int: 12    God:    Okawaru [*****.]
Gold:   1262       SH:  5    Dex: 17    Spells: 12/12 levels left

rFire   + . .        Y - +0 arbalest
rCold   . . .        (shield currently unavailable)
rNeg    + . .        t - +2 leather armour {rF+}
rPois   inf          r - +1 helmet of the Heavens {Str+4}
rElec   +            h - +1 cloak
rCorr   .            u - +1 pair of gloves
SInv    +            d - +1 pair of boots {rampage}
Will    .....        n - amulet of reflection
Stlth   +++          g - +4 ring of slaying {mikee}
HPRegen 0.34/turn    m - ring of see invisible
MPRegen 0.17/turn

%: reflection, rampage
@: about to teleport, heroic, slowed, very slow
A: sickness immunity, AC +9, negative energy resistance 1, electricity
resistance, torment resistance 1, petrification resistance
a: Renounce Religion, Heroism, Finesse, Duel


You were on level 5 of the Lair of Beasts.
You worshipped Okawaru.
Okawaru was extremely pleased with you.
You visited 2 branches of the dungeon, and saw 18 of its levels.

You collected 2013 gold pieces.
You spent 751 gold pieces at shops.


Innate Abilities, Weirdness & Mutations

You are immune to sickness and miasma.
Your stone body is resilient. (AC +9)
You are immune to poison.
You resist negative energy. (rN+)
You are resistant to electric shocks. (rElec)
You are resistant to unholy torment.
You are immune to petrification.


   Skills:
 - Level 11.0(16.0) Fighting
 - Level 17.0(22.0) Ranged Weapons
 - Level 5.2(10.2) Armour
 + Level 5.3(10.3) Dodging
 - Level 1.1(6.1) Stealth
 - Level 10.0 Invocations


You had 12 spell levels left.
You didn't know any spells.
Your spell library was empty.

Inventory:

Hand Weapons
 Y - a +0 arbalest (weapon)
Armour
 d - a +1 pair of boots of rampaging (worn)
 h - a +1 cloak (worn)
 r - the +1 helmet of the Heavens (worn) {Str+4}
   (Okawaru gifted it to you on level 4 of the Lair of Beasts)

   Str+4:     It affects your strength (+4).
 s - a +2 leather armour of positive energy
 t - a +2 leather armour of fire resistance (worn)
 u - a +1 pair of gloves (worn)
Jewellery
 g - a +4 ring of slaying (left hand) {mikee}
 l - a ring of willpower
 m - a ring of see invisible (right hand)
 n - an amulet of reflection (around neck)
Scrolls
 f - a scroll of identify
 j - 4 scrolls of teleportation
Potions
 a - 2 potions of might
 b - 3 potions of cancellation
 c - a potion of mutation
 e - 4 potions of curing
 k - a potion of magic
 o - a potion of haste {unknown}
 p - a potion of heal wounds
 q - a potion of ambrosia {unknown}

Dungeon Overview and Level Annotations

Branches:
Dungeon (13/15)            Temple (0/1) D:5            Lair (5/5) D:11
 Shoals (0/4) Lair:2       Spider (0/4) Lair:2        Slime (0/5) Lair:4
    Orc (0/2) D:9
 Vaults: D:13-14

Altars:
Cheibriados
Gozag
Nemelex Xobeh
Okawaru
Qazlal
Sif Muna
Uskayaw
Wu Jian
Xom
Zin
The Shining One
Jiyva

Shops:
D:7 *   D:9 [

Annotations:
D:2 Terence
Lair:2 1 runed translucent door, qw's ghost, journeyman NaHu


Message History

You shoot a bolt. The bolt hits the yak!!!
You kill the yak!
Okawaru accepts your kill. The torpor snail barely misses you.
You shoot a bolt. The bolt hits the yak.
The yak is lightly wounded.
The yak closely misses you. The torpor snail bites you!
The yak closely misses you.
13358 ||| READING 6 scrolls of teleportation.
As you read the scroll of teleportation, it crumbles to dust.
You feel strangely unstable. The yak gores you but does no damage.
You block the torpor snail's attack.
You shoot a bolt. The bolt hits the yak!
The yak is heavily wounded.
Your surroundings suddenly seem different.
A seven-headed hydra comes into view.
13360 |||
Found retreat position at 2,5 (floor) with 0 blocking monsters and 1 monsters attacking at destination at distance 5 The yak closely misses you.
13361 |||
Found retreat position at -2,0 (floor) with 0 blocking monsters and 2 monsters attacking at destination at distance 2
13361 ||| Stepping ~*~*~tactically~*~*~ (retreating).
The seven-headed hydra misses you. The seven-headed hydra bites you!
You block the seven-headed hydra's attack.
The seven-headed hydra bites you but does no damage. x2
The seven-headed hydra completely misses you.
You block the seven-headed hydra's attack.
The seven-headed hydra closely misses you.
The seven-headed hydra misses you.
The seven-headed hydra bites you but does no damage.
The seven-headed hydra bites you.
The seven-headed hydra bites you but does no damage.
The seven-headed hydra misses you.
The seven-headed hydra completely misses you.
The yak gores you.
13362 |||
Found retreat position at 2,6 (floor) with 0 blocking monsters and 2 monsters attacking at destination at distance 6
13362 ||| READING 5 scrolls of teleportation.
As you read the scroll of teleportation, it crumbles to dust.
You feel strangely unstable.
You block the seven-headed hydra's attack.
The seven-headed hydra bites you!
You die...

#.... .....
..... #...#
.#<..# #...#
......##...#
..#.........#
............#
.#.......D..#
..#.....@...#
........#w..####
......##.Y.....#
...##...<.....#
.. #...Y...#.##
. ##....##.##
#......###
......####
......##


You could see a seven-headed hydra, a torpor snail and a yak.

Vanquished Creatures
  Rupert (Lair:3)
  2 hydras (Lair:3)
  2 two-headed ogres
  4 death yaks (Lair:4)
  A skyshark (Lair:2)
  Pikel (D:5)
  A wizard (D:11)
  An ugly thing (D:11)
  A merfolk siren (Lair:2)
  2 black mambas
  5 elephants (Lair:4)
  A gargoyle (D:12)
  A torpor snail (Lair:3)
  9 cane toads
  4 rime drakes
  3 komodo dragons
  An efreet (D:11)
  3 polar bears
  A troll (D:10)
  3 merfolk (Lair:2)
  11 blink frogs
  A centaur simulacrum (D:11)
  3 shadows
  14 yaks
  2 vampires
  4 wyverns
  2 basilisks
  2 redbacks (Lair:2)
  Edmund (D:5)
  An acid dragon (D:12)
  13 water moccasins
  An ice beast (D:7)
  2 black bears
  2 orc warriors
  2 sky beasts
  6 wolves
  4 centaurs
  2 lemures (D:5)
  2 kobold brigands
  A phantom (D:5)
  8 bullfrogs
  A gnoll sergeant (D:6)
  4 scorpions
  11 wights
  22 killer bees
  9 howler monkeys
  7 electric eels
  4 hounds
  9 jellies
  An orc priest (D:3)
  2 gnoll boudas
  4 sleepcaps
  Jessica (D:2)
  2 iguanas
  7 hell rats (Lair:3)
  6 orc wizards
  Robin (D:3)
  17 gnolls
  5 adders
  15 white imps
  3 worms
  3 dart slugs
  24 orcs
  2 ball pythons
  4 endoplasms (D:2)
  6 giant cockroaches
  9 goblins
  10 hobgoblins
  3 jackals (D:4)
  6 quokkas
  2 bats (D:1)
  A frilled lizard (D:3)
  10 kobolds
  A rat (D:2)
343 creatures vanquished.

Notes
Turn   | Place    | Note
-------+----------+-------------------------------------------
     0 | D:1      | qw the Gargoyle Hunter began the quest for the Orb.
     0 | D:1      | Reached XP level 1. HP: 12/12 MP: 1/1
     0 | D:1      | 0 ||| qw: Version: 0.3-a-76-g4403597
     0 | D:1      | 0 ||| qw: Game counter: 795
     0 | D:1      | 0 ||| qw: Melee chars always use a shield: true
     0 | D:1      | 0 ||| qw: God list: Okawaru
     0 | D:1      | 0 ||| qw: Allow faded altars: false
     0 | D:1      | 0 ||| qw: Do Orc after clearing Dungeon:15 true
     0 | D:1      | 0 ||| qw: Do second Lair branch before Depths: true
     0 | D:1      | 0 ||| qw: Lair rune preference: random
     0 | D:1      | 0 ||| qw: Goals: Normal
     0 | D:1      | 0 ||| PLANNING D:1-11
   280 | D:1      | Reached XP level 2. HP: 17/17 MP: 2/2
   671 | D:1      | Reached XP level 3. HP: 21/21 MP: 3/3
   740 | D:1      | 740 ||| UPGRADING to +1 helmet.
   745 | D:1      | 745 ||| READING 2 scrolls labelled PEOSE LAWILUI.
   750 | D:1      | 750 ||| READING 2 scrolls labelled ACULAX DASE.
   751 | D:1      | 751 ||| READING scroll labelled XEUTAO EWNOST.
   752 | D:1      | 752 ||| READING scroll labelled LIOXOY RA MIM.
   753 | D:1      | 753 ||| READING scroll labelled YMANIA DUVOCSI.
   754 | D:1      | 754 ||| DROPPING scroll of butterflies.
   780 | D:2      | Reached skill level 5 in Ranged Weapons
  1022 | D:2      | Noticed Jessica
  1031 | D:2      | Killed Jessica
  1032 | D:2      | Reached skill level 3 in Fighting
  1032 | D:2      | Reached XP level 4. HP: 19/28 MP: 4/4
  1236 | D:2      | Noticed Terence
  1260 | D:2      | HP: 3/28 [Terence/+0 hand axe (6)]
  1261 | D:2      | 1261 ||| READING scroll of teleportation.
  1460 | D:2      | 1460 ||| UPGRADING to +0 ring mail.
  1470 | D:2      | 1470 ||| DROPPING +0 leather armour.
  1471 | D:2      | 1471 ||| UPGRADING to +4 ring of slaying {mikee}.
  1472 | D:2      | 1472 ||| UPGRADING to ring of willpower.
  1473 | D:2      | 1473 ||| READING scroll labelled DUTUYSS XIASK.
  1474 | D:2      | 1474 ||| READING scroll labelled VUMANU FIKA.
  1475 | D:2      | 1475 ||| DRINKING 2 fuming coppery potions.
  1476 | D:2      | 1476 ||| READING 3 scrolls of identify.
  1476 | D:2      | 1476 ||| IDENTIFYING smoky red potion
  1477 | D:2      | 1477 ||| READING 2 scrolls of identify.
  1477 | D:2      | 1477 ||| IDENTIFYING metallic silvery potion
  1478 | D:2      | 1478 ||| DROPPING potion of degeneration.
  1479 | D:2      | 1479 ||| DROPPING potion of attraction.
  1576 | D:3      | Reached skill level 1 in Armour
  1576 | D:3      | Reached XP level 5. HP: 29/32 MP: 5/5
  1600 | D:3      | Found a stormy altar of Qazlal.
  1606 | D:3      | Found a shadowy altar of Dithmenos.
  1606 | D:3      | Found a sparkling altar of Nemelex Xobeh.
  1608 | D:3      | Found a shimmering blue altar of Sif Muna.
  1608 | D:3      | Found a shimmering altar of Xom.
  1608 | D:3      | Found an iron altar of Okawaru.
  1609 | D:3      | 1609 ||| PLANNING OKAWARU WORSHIP
  1609 | D:3      | 1609 ||| UPGRADING to +0 ring mail of positive energy.
  1619 | D:3      | 1619 ||| DROPPING +0 ring mail.
  1627 | D:3      | 1627 ||| PLANNING D:1-11
  1627 | D:3      | 1627 ||| Stepping randomly (stuck).
  1797 | D:3      | Found an ornate altar of the Wu Jian Council.
  1914 | D:3      | Noticed Robin
  1920 | D:3      | Killed Robin
  2119 | D:3      | 2119 ||| UPGRADING to +0 cloak.
  2124 | D:3      | 2124 ||| UPGRADING to +1 cloak.
  2134 | D:3      | 2134 ||| DROPPING +0 cloak.
  2135 | D:3      | 2135 ||| READING scroll labelled JESUEXT TYSTRA.
  2135 | D:3      | Identified a scroll of acquirement
  2135 | D:3      | 2135 ||| ACQUIRING 1075 gold pieces
  2135 | D:3      | Acquired 1075 gold pieces
  2137 | D:3      | 2137 ||| DRINKING 2 blue potions.
  2230 | D:4      | Reached skill level 6 in Ranged Weapons
  2230 | D:4      | Reached XP level 6. HP: 37/37 MP: 6/6
  2281 | D:4      | Found a shimmering blue altar of Sif Muna.
  2333 | D:4      | Noticed a black bear
  2345 | D:4      | HP: 9/38 [black bear (1)]
  2346 | D:4      | 2346 ||| DRINKING potion of heal wounds.
  2350 | D:4      | Killed a black bear
  2650 | D:4      | Found an iron altar of Okawaru.
  2651 | D:4      | 2651 ||| PLANNING OKAWARU WORSHIP
  2661 | D:4      | Reached XP level 7. HP: 31/44 MP: 7/7
  2668 | D:4      | Reached skill level 7 in Ranged Weapons
  2744 | D:4      | Became a worshipper of Warmaster Okawaru
  2745 | D:4      | 2745 ||| PLANNING D:1-11
  3187 | D:5      | Entered Level 5 of the Dungeon
  3311 | D:5      | Reached * piety under Okawaru
  3312 | D:5      | Reached skill level 8 in Ranged Weapons
  3366 | D:5      | Found a staircase to the Ecumenical Temple.
  3407 | D:5      | Reached skill level 1 in Invocations
  3407 | D:5      | Reached XP level 8. HP: 48/48 MP: 8/8
  3419 | D:5      | 3419 ||| INVOKING Heroism.
  3494 | D:5      | Found an opulent altar of Gozag.
  3526 | D:5      | Noticed Edmund
  3527 | D:5      | 3527 ||| INVOKING Heroism.
  3553 | D:5      | Killed Edmund
  3765 | D:5      | Noticed Pikel
  3765 | D:5      | 3765 ||| INVOKING Heroism.
  3782 | D:5      | Killed Pikel
  3782 | D:5      | Reached ** piety under Okawaru
  3783 | D:5      | Reached skill level 9 in Ranged Weapons
  3783 | D:5      | Reached XP level 9. HP: 54/54 MP: 9/12
  3813 | D:5      | Found a snail-covered altar of Cheibriados.
  3839 | D:5      | Found a stormy altar of Qazlal.
  3966 | D:5      | 3966 ||| DROPPING amulet of guardian spirit.
  3967 | D:5      | 3967 ||| READING scroll labelled XAUDEUVIWE.
  3968 | D:5      | 3968 ||| READING 3 scrolls of identify.
  3968 | D:5      | 3968 ||| IDENTIFYING bubbling silvery potion
  3991 | D:6      | Found Zin's Purification Station.
  3992 | D:6      | Found a glowing silver altar of Zin.
  4029 | D:6      | 4029 ||| BUYING potion of curing (90 gold).
  4029 | D:6      | Bought a potion of curing for 90 gold pieces
  4101 | D:6      | 4101 ||| INVOKING Heroism.
  4106 | D:6      | Reached skill level 6 in Fighting
  4163 | D:6      | Reached skill level 10 in Ranged Weapons
  4212 | D:6      | 4212 ||| INVOKING Heroism.
  4483 | D:6      | 4483 ||| INVOKING Heroism.
  4491 | D:6      | Reached skill level 3 in Armour
  4759 | D:6      | 4759 ||| READING scroll labelled AWOWEL XOEFA.
  4816 | D:7      | Found Ifyuph's Assorted Antiques.
  4817 | D:7      | 4817 ||| INVOKING Heroism.
  4820 | D:7      | 4820 ||| STAIRDANCE
  4834 | D:7      | 4834 ||| INVOKING Heroism.
  4872 | D:7      | 4872 ||| BUYING fizzy yellow potion (17 gold).
  4872 | D:7      | Bought a fizzy yellow potion for 17 gold pieces
  4872 | D:7      | 4872 ||| BUYING pair of embroidered boots (142 gold).
  4872 | D:7      | Bought a pair of embroidered boots for 142 gold pieces
  4872 | D:7      | 4872 ||| BUYING scroll labelled JYPA XUXICSYOPP (19 gold).
  4872 | D:7      | Bought a scroll labelled JYPA XUXICSYOPP for 19 gold pieces
  4872 | D:7      | 4872 ||| BUYING scroll labelled PESOYLE RUFOSM (19 gold).
  4872 | D:7      | Bought a scroll labelled PESOYLE RUFOSM for 19 gold pieces
  4872 | D:7      | 4872 ||| BUYING scroll labelled VIBEGI HOCIQ (19 gold).
  4872 | D:7      | Bought a scroll labelled VIBEGI HOCIQ for 19 gold pieces
  4872 | D:7      | 4872 ||| BUYING scroll labelled VIBEGI HOCIQ (19 gold).
  4872 | D:7      | Bought a scroll labelled VIBEGI HOCIQ for 19 gold pieces
  4872 | D:7      | 4872 ||| BUYING wooden wand (76 gold).
  4872 | D:7      | Bought a wooden wand for 76 gold pieces
  5212 | D:7      | 5212 ||| INVOKING Heroism.
  5339 | D:7      | Reached skill level 11 in Ranged Weapons
  5348 | D:7      | Reached *** piety under Okawaru
  5356 | D:7      | Reached skill level 3 in Dodging
  5458 | D:7      | 5458 ||| SWAPPING to +0 arbalest.
  5462 | D:7      | Reached XP level 10. HP: 63/63 MP: 13/13
  5462 | D:7      | 5462 ||| DROPPING +0 shortbow of draining.
  5480 | D:7      | Found a glowing golden altar of the Shining One.
  5591 | D:7      | 5591 ||| UPGRADING to +1 pair of boots of rampaging.
  5596 | D:7      | 5596 ||| READING scroll labelled JYPA XUXICSYOPP.
  5636 | D:7      | 5636 ||| READING scroll labelled PESOYLE RUFOSM.
  5637 | D:7      | 5637 ||| READING 2 scrolls labelled VIBEGI HOCIQ.
  5638 | D:7      | 5638 ||| READING scroll labelled PEPLUH EFAOFI.
  5639 | D:7      | 5639 ||| READING 2 scrolls of identify.
  5639 | D:7      | 5639 ||| IDENTIFYING fizzy yellow potion
  5640 | D:7      | 5640 ||| DROPPING scroll of amnesia.
  5641 | D:7      | 5641 ||| DROPPING wand of iceblast (3).
  5841 | D:8      | 5841 ||| INVOKING Heroism.
  6592 | D:8      | 6592 ||| UPGRADING to amulet of regeneration.
  6597 | D:8      | 6597 ||| UPGRADING to ring of see invisible.
  6599 | D:8      | 6599 ||| READING scroll labelled FURGHO YGALATAA.
  6637 | D:9      | 6637 ||| RETREATING.
  6638 | D:9      | 6638 ||| Stepping ~*~*~tactically~*~*~ (retreating).
  6639 | D:9      | 6639 ||| STAIRDANCE
  6648 | D:8      | 6648 ||| INVOKING Heroism.
  6683 | D:9      | 6683 ||| STAIRDANCE
  6685 | D:8      | 6685 ||| Stepping ~*~*~tactically~*~*~ (retreating).
  6686 | D:8      | 6686 ||| Stepping ~*~*~tactically~*~*~ (retreating).
  6687 | D:8      | 6687 ||| Stepping ~*~*~tactically~*~*~ (retreating).
  6688 | D:8      | 6688 ||| Stepping ~*~*~tactically~*~*~ (retreating).
  6689 | D:8      | 6689 ||| Stepping ~*~*~tactically~*~*~ (retreating).
  6690 | D:8      | 6690 ||| Stepping ~*~*~tactically~*~*~ (retreating).
  6744 | D:9      | Reached skill level 12 in Ranged Weapons
  6747 | D:9      | 6747 ||| INVOKING Heroism.
  6748 | D:9      | 6748 ||| Stepping ~*~*~tactically~*~*~ (outnumbered).
  6754 | D:9      | 6754 ||| DRINKING 4 potions of curing.
  6754 | D:9      | 6754 ||| (to cure confusion)
  6755 | D:9      | 6755 ||| DRINKING 3 potions of curing.
  6755 | D:9      | 6755 ||| (to cure confusion)
  6813 | D:9      | 6813 ||| Stepping ~*~*~tactically~*~*~ (outnumbered).
  6814 | D:9      | 6814 ||| Stepping ~*~*~tactically~*~*~ (outnumbered).
  6819 | D:9      | 6819 ||| Stepping ~*~*~tactically~*~*~ (outnumbered).
  6825 | D:9      | 6825 ||| DRINKING 2 potions of curing.
  6825 | D:9      | 6825 ||| (to cure confusion)
  6828 | D:9      | Reached **** piety under Okawaru
  6838 | D:9      | 6838 ||| Stepping ~*~*~tactically~*~*~ (outnumbered).
  6910 | D:9      | 6910 ||| Stepping ~*~*~tactically~*~*~ (retreating).
  6912 | D:9      | 6912 ||| Stepping ~*~*~tactically~*~*~ (retreating).
  6915 | D:9      | 6915 ||| Stepping ~*~*~tactically~*~*~ (retreating).
  6916 | D:9      | 6916 ||| Stepping ~*~*~tactically~*~*~ (retreating).
  6945 | D:9      | Found Zurodoch's Antique Armour Boutique.
  6955 | D:9      | 6955 ||| BUYING dyed leather armour (140 gold).
  6955 | D:9      | Bought a dyed leather armour for 140 gold pieces
  6955 | D:9      | 6955 ||| BUYING pair of embroidered gloves (210 gold).
  6955 | D:9      | Bought a pair of embroidered gloves for 210 gold pieces
  6964 | D:9      | Found a staircase to the Orcish Mines.
  7188 | D:9      | 7188 ||| UPGRADING to +2 leather armour of fire resistance.
  7198 | D:9      | 7198 ||| DROPPING +0 ring mail of positive energy.
  7199 | D:9      | 7199 ||| UPGRADING to +1 pair of gloves.
  7204 | D:9      | 7204 ||| READING scroll labelled DOXKEY CORAME.
  7205 | D:9      | 7205 ||| READING 3 scrolls of identify.
  7205 | D:9      | 7205 ||| IDENTIFYING emerald potion
  7206 | D:9      | 7206 ||| READING 2 scrolls of identify.
  7206 | D:9      | 7206 ||| IDENTIFYING glowing inky potion
  7207 | D:9      | 7207 ||| DROPPING potion of lignification.
  7208 | D:9      | 7208 ||| DROPPING potion of berserk rage.
  7228 | D:10     | Entered Level 10 of the Dungeon
  7417 | D:10     | 7417 ||| INVOKING Heroism.
  7487 | D:10     | Found a hide-covered altar of Uskayaw.
  7487 | D:10     | Noticed a two-headed ogre
  7488 | D:10     | 7488 ||| INVOKING Heroism.
  7491 | D:10     | Killed a two-headed ogre
  7492 | D:10     | Reached skill level 6 in Invocations
  7611 | D:10     | You fall into a shaft and drop 3 floors!
  7615 | D:12     | Noticed a gargoyle
  7616 | D:12     | 7616 ||| RETREATING.
  7624 | D:12     | Reached XP level 11. HP: 60/68 MP: 14/16
  7626 | D:12     | 7626 ||| INVOKING Heroism.
  7641 | D:12     | Reached ***** piety under Okawaru
  7641 | D:12     | HP: 13/68 [yak (9)]
  7642 | D:12     | 7642 ||| READING 4 scrolls of teleportation.
  7643 | D:12     | 7643 ||| DRINKING potion of heal wounds.
  7709 | D:12     | 7709 ||| DROPPING +6 ring of intelligence.
  7798 | D:10     | 7798 ||| INVOKING Heroism.
  8176 | D:11     | 8176 ||| INVOKING Heroism.
  8184 | D:11     | Reached skill level 13 in Ranged Weapons
  8196 | D:11     | 8196 ||| Stepping ~*~*~tactically~*~*~ (outnumbered).
  8198 | D:11     | 8198 ||| Stepping ~*~*~tactically~*~*~ (outnumbered).
  8200 | D:11     | 8200 ||| Stepping ~*~*~tactically~*~*~ (outnumbered).
  8312 | D:11     | Found a frozen archway.
  8381 | D:11     | Noticed a wizard
  8387 | D:11     | Killed a wizard
  8409 | D:11     | 8409 ||| DRINKING 2 potions of curing.
  8409 | D:11     | 8409 ||| (to cure confusion)
  8448 | D:11     | Found a staircase to the Lair.
  8449 | D:11     | 8449 ||| INVOKING Heroism.
  8509 | D:11     | Noticed a brown ugly thing
  8519 | D:11     | Killed a brown ugly thing
  8554 | D:11     | 8554 ||| INVOKING Heroism.
  8557 | D:11     | Reached skill level 9 in Fighting
  8643 | D:11     | 8643 ||| DRINKING 2 black potions.
  8644 | D:11     | 8644 ||| DROPPING potion of brilliance.
  8656 | D:10     | Found a sparkling altar of Nemelex Xobeh.
  8662 | D:10     | 8662 ||| PLANNING LAIR
  8732 | D:11     | Noticed a two-headed ogre
  8733 | D:11     | 8733 ||| INVOKING Heroism.
  8737 | D:11     | Killed a two-headed ogre
  8753 | Lair:1   | Entered Level 1 of the Lair of Beasts
  8755 | Lair:1   | 8755 ||| STAIRDANCE
  8759 | D:11     | Reached skill level 9 in Invocations
  8761 | Lair:1   | 8761 ||| RETREATING.
  8762 | Lair:1   | 8762 ||| Stepping ~*~*~tactically~*~*~ (retreating).
  8763 | Lair:1   | 8763 ||| Stepping ~*~*~tactically~*~*~ (retreating).
  8764 | Lair:1   | 8764 ||| Stepping ~*~*~tactically~*~*~ (retreating).
  8770 | Lair:1   | 8770 ||| INVOKING Heroism.
  8790 | Lair:1   | HP: 15/71 [komodo dragon (6)]
  8791 | Lair:1   | 8791 ||| READING 4 scrolls of teleportation.
  8793 | Lair:1   | HP: 3/71 [komodo dragon (8)]
  8863 | Lair:1   | 8863 ||| INVOKING Heroism.
  8967 | Lair:1   | 8967 ||| INVOKING Heroism.
  8999 | Lair:1   | 8999 ||| RETREATING.
  9002 | Lair:1   | 9002 ||| Stepping ~*~*~tactically~*~*~ (retreating).
  9010 | Lair:1   | Reached XP level 12. HP: 76/76 MP: 19/19
  9013 | Lair:1   | 9013 ||| INVOKING Heroism.
  9043 | Lair:1   | Reached skill level 14 in Ranged Weapons
  9148 | Lair:1   | 9148 ||| Stepping ~*~*~tactically~*~*~ (outnumbered).
  9201 | Lair:1   | 9201 ||| INVOKING Heroism.
  9246 | Lair:1   | 9246 ||| RETREATING.
  9248 | Lair:1   | 9248 ||| Stepping ~*~*~tactically~*~*~ (retreating).
  9252 | Lair:1   | 9252 ||| Stepping ~*~*~tactically~*~*~ (retreating).
  9253 | Lair:1   | 9253 ||| Stepping ~*~*~tactically~*~*~ (retreating).
  9254 | Lair:1   | 9254 ||| Stepping ~*~*~tactically~*~*~ (retreating).
  9484 | Lair:1   | 9484 ||| INVOKING Heroism.
  9740 | Lair:1   | 9740 ||| UPGRADING to amulet of reflection.
  9750 | Lair:1   | 9750 ||| DROPPING amulet of regeneration.
  9751 | Lair:1   | 9751 ||| READING 2 scrolls of identify.
  9751 | Lair:1   | 9751 ||| IDENTIFYING murky yellow potion
  9779 | Lair:2   | 9779 ||| STAIRDANCE
  9784 | Lair:2   | 9784 ||| STAIRDANCE
  9813 | Lair:2   | 9813 ||| INVOKING Heroism.
 10138 | Lair:2   | Found a hole to the Spider Nest.
 10144 | Lair:2   | 10144 ||| INVOKING Heroism.
 10145 | Lair:2   | 10145 ||| RETREATING.
 10322 | Lair:2   | Noticed a skyshark
 10341 | Lair:2   | 10341 ||| INVOKING Heroism.
 10342 | Lair:2   | Killed a skyshark
 10343 | Lair:2   | Reached skill level 15 in Ranged Weapons
 10431 | Lair:2   | Identified the +10 trident "Yfasig" {freeze, rPois rF+}
 10432 | Lair:2   | Found a runed translucent door.
 10437 | Lair:2   | Noticed qw's ghost (journeyman NaHu)
 10461 | Lair:2   | 10461 ||| RETREATING.
 10477 | Lair:2   | 10477 ||| INVOKING Heroism.
 10801 | Lair:2   | Found a staircase to the Shoals.
 11048 | Lair:2   | 11048 ||| READING scroll labelled ZOEGAT FYFEED.
 11149 | Lair:2   | 11149 ||| READING 2 scrolls of identify.
 11149 | Lair:2   | 11149 ||| IDENTIFYING cyan potion
 11218 | Lair:3   | 11218 ||| RETREATING.
 11222 | Lair:3   | 11222 ||| Stepping ~*~*~tactically~*~*~ (retreating).
 11223 | Lair:3   | 11223 ||| Stepping ~*~*~tactically~*~*~ (retreating).
 11224 | Lair:3   | 11224 ||| Stepping ~*~*~tactically~*~*~ (retreating).
 11240 | Lair:3   | 11240 ||| INVOKING Heroism.
 11243 | Lair:3   | Noticed a six-headed hydra
 11268 | Lair:3   | Killed a six-headed hydra
 11297 | Lair:3   | 11297 ||| FLEEEEING.
 11298 | Lair:3   | 11298 ||| FLEEEEING.
 11304 | Lair:3   | 11304 ||| STAIRDANCE
 11860 | Lair:3   | Noticed an eight-headed hydra
 11861 | Lair:3   | 11861 ||| INVOKING Heroism.
 11863 | Lair:3   | Killed an eight-headed hydra
 11864 | Lair:3   | Reached XP level 13. HP: 82/82 MP: 17/20
 11973 | Lair:3   | Reached skill level 16 in Ranged Weapons
 12041 | Lair:3   | Noticed Rupert
 12042 | Lair:3   | 12042 ||| DRINKING 4 potions of curing.
 12042 | Lair:3   | 12042 ||| (to cure confusion)
 12043 | Lair:3   | 12043 ||| RETREATING.
 12044 | Lair:3   | 12044 ||| INVOKING Heroism.
 12047 | Lair:3   | 12047 ||| INVOKING Finesse.
 12058 | Lair:3   | Killed Rupert
 12284 | Lair:3   | 12284 ||| DROPPING scarf of invisibility.
 12369 | Lair:4   | 12369 ||| RETREATING.
 12372 | Lair:4   | 12372 ||| Stepping ~*~*~tactically~*~*~ (retreating).
 12373 | Lair:4   | 12373 ||| Stepping ~*~*~tactically~*~*~ (retreating).
 12374 | Lair:4   | 12374 ||| Stepping ~*~*~tactically~*~*~ (retreating).
 12375 | Lair:4   | 12375 ||| Stepping ~*~*~tactically~*~*~ (retreating).
 12382 | Lair:4   | 12382 ||| Stepping ~*~*~tactically~*~*~ (retreating).
 12383 | Lair:4   | 12383 ||| Stepping ~*~*~tactically~*~*~ (retreating).
 12386 | Lair:4   | 12386 ||| Stepping ~*~*~tactically~*~*~ (retreating).
 12387 | Lair:4   | 12387 ||| Stepping ~*~*~tactically~*~*~ (retreating).
 12388 | Lair:4   | 12388 ||| Stepping ~*~*~tactically~*~*~ (retreating).
 12390 | Lair:4   | 12390 ||| Stepping ~*~*~tactically~*~*~ (retreating).
 12391 | Lair:4   | 12391 ||| Stepping ~*~*~tactically~*~*~ (retreating).
 12393 | Lair:4   | 12393 ||| Stepping ~*~*~tactically~*~*~ (retreating).
 12394 | Lair:4   | 12394 ||| Stepping ~*~*~tactically~*~*~ (retreating).
 12395 | Lair:4   | 12395 ||| Stepping ~*~*~tactically~*~*~ (retreating).
 12399 | Lair:4   | 12399 ||| Stepping ~*~*~tactically~*~*~ (retreating).
 12400 | Lair:4   | 12400 ||| Stepping ~*~*~tactically~*~*~ (retreating).
 12401 | Lair:4   | 12401 ||| Stepping ~*~*~tactically~*~*~ (retreating).
 12428 | Lair:4   | Reached ****** piety under Okawaru
 12500 | Lair:4   | 12500 ||| INVOKING Heroism.
 12501 | Lair:4   | 12501 ||| INVOKING Finesse.
 12563 | Lair:4   | 12563 ||| INVOKING Heroism.
 12570 | Lair:4   | Identified the +1 helmet of the Heavens {Str+4} (Okawaru
                  | gifted it to you on level 4 of the Lair of Beasts)
 12570 | Lair:4   | Received a gift from Okawaru
 13000 | Lair:4   | Reached skill level 17 in Ranged Weapons
 13007 | Lair:4   | Found a staircase to the Slime Pits.
 13020 | Lair:4   | Found a viscous altar of Jiyva.
 13289 | Lair:4   | 13289 ||| UPGRADING to +1 helmet of the Heavens {Str+4}.
 13299 | Lair:4   | 13299 ||| DROPPING +1 helmet.
 13331 | Lair:5   | Entered Level 5 of the Lair of Beasts
 13332 | Lair:5   | 13332 ||| RETREATING.
 13345 | Lair:5   | 13345 ||| Stepping ~*~*~tactically~*~*~ (retreating).
 13346 | Lair:5   | 13346 ||| Stepping ~*~*~tactically~*~*~ (retreating).
 13347 | Lair:5   | 13347 ||| Stepping ~*~*~tactically~*~*~ (retreating).
 13348 | Lair:5   | 13348 ||| INVOKING Heroism.
 13357 | Lair:5   | HP: 21/84 [torpor snail (7)]
 13358 | Lair:5   | 13358 ||| READING 6 scrolls of teleportation.
 13361 | Lair:5   | 13361 ||| Stepping ~*~*~tactically~*~*~ (retreating).
 13361 | Lair:5   | HP: 9/84 [yak[a torpor snail] (2)]
 13362 | Lair:5   | 13362 ||| READING 5 scrolls of teleportation.
 13362 | Lair:5   | Slain by a seven-headed hydra

Levels and vault maps discovered:
D:1:      dpeg_arrival_short_road, layout_loops_ring, minmay_tetromino_i2
D:2:      layout_rooms, chequers_serial_rivers_small_b, uniq_jessica,
          uniq_terence
D:3:      layout_loops_ring, pdpol_wu_jian_five_deadly_venoms,
          doesnt_xom_only_xom, uniq_robin
D:4:      layout_loops_corners, mainiacjoe_overflow_alcove_4, okawaru_gym_becter
D:5:      layout_loops_ring, marbit_many_paths, lemuel_round_altar,
          grunt_qazlal_sundering, minmay_temple_entry_butterflies, uniq_edmund,
          uniq_pikel
D:6:      layout_loops_ring, zin_purify, roderic_roman_lattice,
          minmay_checkerbox
D:7:      layout_gridville, tso_altar, serial_shops, shop
D:8:      layout_layer_cave
D:9:      layout_cave_pools, orc_0_dummy, nicolae_stop_n_shop_2
D:10:     layout_stronghold, nicolae_overflow_hidden_temple,
          eat_drink_and_be_merry_uskayaw
D:11:     minmay_wavy_crystal, layout_basic, david_lair_shrubbed,
          portal_ice_cave_entry_imps
D:12:     layout_loops_ring
D:13:     layout_basic, nicolae_trove_entry_crystal, uniq_frances
Lair:1:   layout_regular_city, serial_bayou, serial_bayou_pond_d,
          serial_bayou_lake_a, serial_bayou_pond_e, serial_bayou_pond_d,
          grunt_megastairs_2, serial_bayou_shore_a, infiniplex_staircase_pool
Lair:2:   layout_cave_pods, elwin_shoals_entry_stream, spider_nest_entry_a,
          ebering_ghost_funeral_grove, lemuel_old_faithful
Lair:3:   layout_roguey, serial_bayou, serial_bayou_shore_b,
          serial_bayou_lagoon_a, serial_bayou_pond_a, serial_bayou_pond_e,
          uniq_rupert
Lair:4:   layout_small_grid, minmay_slime_entry_pillars
Lair:5:   due_jungle_book, layout_concentric_octagons

Skill      XL: |  1  2  3  4  5  6  7  8  9 10 11 12 13 |
---------------+----------------------------------------+-----
Ranged Weapons | 5 6 8 9 11 12 13 15 17 | 17.0
Fighting       | 3 4 5 7 8 9 10 11 | 11.0
Armour         | 1 2 3 4 5 |  5.2
Invocations    | 1 4 6 10 | 10.0
Dodging        | 2 3 4 5 |  5.3
Stealth        | |  1.1

Action                     |  1- 3 |  4- 6 |  7- 9 | 10-12 | 13-15 || total
---------------------------+-------+-------+-------+-------+-------++-------
   Fire: Shortbow          |    82 |   172 |   309 |       |       ||   563
         Arbalest          |       |       |     3 |   703 |   154 ||   860
 Invoke: Heroism           |       |       |     9 |    23 |     4 ||    36
         Finesse           |       |       |       |       |     2 ||     2
    Use: Scroll            |     5 |     6 |     3 |    14 |     2 ||    30
         Potion            |       |     3 |       |     6 |     1 ||    10
 Armour: Leather armour    |    16 |    22 |       |   283 |    97 ||   418
         Ring mail         |       |    45 |    96 |   267 |       ||   408
  Dodge: Dodged            |     8 |    60 |   106 |   575 |    80 ||   829
  Block: Other             |       |       |       |    34 |    23 ||    57
         Reflection        |       |       |       |     6 |       ||     6

Table legend:
 A = Non-vault XP
 B = Vault XP
 C = Vault XP percentage of total XP
 D = Non-vault monster count
 E = Vault monster count
 F = Vault count percentage of total count
                 A         B        C        D         E       F
            +---------+---------+-------+---------+---------+-------
      Total |   35377 |    8704 |  19.7 |     290 |      51 |  15.0
            +---------+---------+-------+---------+---------+-------
        D:1 |      31 |       3 |   8.8 |      15 |       2 |  11.8
        D:2 |      54 |      37 |  40.7 |      14 |       1 |   6.7
        D:3 |      67 |      28 |  29.5 |      13 |       7 |  35.0
        D:4 |     493 |       0 |   0.0 |      24 |       0 |   0.0
        D:5 |     784 |     902 |  53.5 |      16 |       3 |  15.8
        D:6 |     506 |     168 |  24.9 |      19 |       4 |  17.4
        D:7 |    1684 |       0 |   0.0 |      19 |       0 |   0.0
        D:8 |    1701 |       0 |   0.0 |      26 |       0 |   0.0
        D:9 |    1569 |       0 |   0.0 |      34 |       0 |   0.0
       D:10 |    1484 |       0 |   0.0 |       6 |       0 |   0.0
       D:11 |    2836 |    1731 |  37.9 |      13 |      16 |  55.2
       D:12 |    1036 |       0 |   0.0 |       4 |       0 |   0.0
     Lair:1 |    4924 |    1973 |  28.6 |      30 |       7 |  18.9
     Lair:2 |    3565 |    1756 |  33.0 |      15 |       6 |  28.6
     Lair:3 |    6080 |    1932 |  24.1 |      24 |       1 |   4.0
     Lair:4 |    8019 |     174 |   2.1 |      15 |       4 |  21.1
     Lair:5 |     544 |       0 |   0.0 |       3 |       0 |   0.0
            +---------+---------+-------+---------+---------+-------
